 Dungeon Crawl Stone Soup version 0.28.0-43-g3370ac3207 (webtiles) character file.

Game seed: 12461875828779109627

7131 dianekeaton the Bludgeoner (level 10, 0/77 HPs)
             Began as a Minotaur Berserker on Mar 30, 2022.
             Was a Priest of Trog.
             Slain by a vampire mosquito (6 damage)
             ... on level 11 of the Dungeon.
             The game lasted 00:26:04 (10339 turns).

dianekeaton the Bludgeoner (Minotaur Berserker)    Turns: 10339, Time: 00:26:04

Health: 0/77       AC: 11    Str: 29    XL:     10   Next: 85%
Magic:  0/0        EV:  8    Int:  4    God:    Trog [***...]
Gold:   536        SH:  8    Dex: 10    Spells: 9/9 levels left

rFire   + . .      SeeInvis .   l - +1 mace "Juecwyuf" {spect, rF+ rC+ MP-9 Str+3}
rCold   + . .      Faith    .   E - +0 kite shield
rNeg    . . .      Spirit   .   c - +1 chain mail
rPois   .          Reflect  .   (helmet restricted)
rElec   .          Harm     .   s - scarf {+Inv}
rCorr   .          Rampage  .   (no gloves)
Will    ++...                   (no boots)
Stlth   ..........              (no amulet)
HPRegen 1.22/turn               (no ring)
MPRegen 0.07/turn               (no ring)

@: strong-willed, regenerating
A: horns 2, retaliatory headbutt
a: Renounce Religion, Evoke Invisibility, Berserk, Trog's Hand


You were on level 11 of the Dungeon.
You worshipped Trog.
Trog was most pleased with you.
You visited 2 branches of the dungeon, and saw 12 of its levels.

You collected 536 gold pieces.

Inventory:

Hand Weapons
 a - a +0 mace
 i - a +2 antimagic flail
 l - the +1 mace "Juecwyuf" (weapon) {spect, rF+ rC+ MP-9 Str+3}
   (You found it on level 2 of the Dungeon)

   When its wielder attacks, the weapon's spirit leaps out and strikes again.
   The spirit shares a part of any damage it takes with its wielder.
   Str:       It affects your strength (+3).
   rF:        It protects you from fire.
   rC:        It protects you from cold.
   MP:        It affects your magic capacity (-9).
Missiles
 o - 22 stones (quivered)
Armour
 b - a +0 animal skin
 c - a +1 chain mail (worn)
 s - a scarf of invisibility (worn)
 C - a +0 buckler
 E - a +0 kite shield (worn)
Jewellery
 d - a ring of willpower
 n - a ring of willpower
 q - a ring of poison resistance
 v - a ring of fire
 y - an amulet of faith
Wands
 t - a wand of acid (13)
 x - a wand of mindburst (3)
 A - a wand of digging (5)
 F - a wand of iceblast (5)
Scrolls
 e - 4 scrolls of magic mapping
 u - 2 scrolls of blinking
 B - a scroll of fog
 D - a scroll of noise
 G - a scroll of teleportation
Potions
 f - 2 potions of invisibility
 g - 2 potions of might
 h - 8 potions of curing
 j - 3 potions of experience {unknown}
 k - a potion of ambrosia {unknown}
 m - 2 potions of flight {unknown}
 p - a potion of heal wounds {unknown}
 r - 3 potions of haste {unknown}
 z - 2 potions of brilliance {unknown}


   Skills:
 - Level 3.6 Fighting
 + Level 18.0 Maces & Flails
 + Level 6.4 Armour
 + Level 2.6 Dodging
 - Level 1.2 Stealth
 * Level 4.7 Shields


You had 9 spell levels left.
You didn't know any spells.
Your spell library was empty.

Dungeon Overview and Level Annotations

Branches:
Dungeon (11/15)            Temple (0/1) D:4            Lair (1/6) D:8
    Orc: D:9-12

Altars:
Hepliaklqana
Kikubaaqudgha
Makhleb
Nemelex Xobeh
Okawaru
Qazlal
Ru
Trog
Uskayaw
Wu Jian
The Shining One

Annotations:
D:7 1 runed translucent door
D:11 Grum
Lair:1 Urug


Innate Abilities, Weirdness & Mutations

You have a pair of horns on your head.
You reflexively headbutt those who attack you in melee.


Message History

You block the vampire mosquito's attack.
The vampire mosquito closely misses you.
The vampire mosquito bites you!
* * * LOW HITPOINT WARNING * * *
The vampire mosquito draws strength from your injuries!
Read: scroll of fear
Press: ? - help, Q - select action, (/) - cycle Dir - look around, f - activate
As you read the scroll of fear, it crumbles to dust.
You assume a fearsome visage.
The yak looks frightened! x2; The vampire mosquito is unaffected. x3
The vampire mosquito bites you.
* * * LOW HITPOINT WARNING * * *
The vampire mosquito draws strength from your injuries!
The vampire mosquito closely misses you.
You block the vampire mosquito's attack. x2
The vampire mosquito bites you.
* * * LOW HITPOINT WARNING * * *
The vampire mosquito draws strength from your injuries!
The vampire mosquito bites you.
* * * LOW HITPOINT WARNING * * *
The vampire mosquito draws strength from your injuries!
You block the vampire mosquito's attack. x3
The vampire mosquito bites you but does no damage.
The vampire mosquito barely misses you.
The vampire mosquito bites you but does no damage.
You block the vampire mosquito's attack.
You block the vampire mosquito's attack.
There is an open door here.
You block the vampire mosquito's attack.
The vampire mosquito closely misses you.
The vampire mosquito bites you but does no damage.
The vampire mosquito bites you.
* * * LOW HITPOINT WARNING * * *
The vampire mosquito draws strength from your injuries!
Your skin crawls.
You feel strong-willed.
You can no longer call in reinforcements.
You block the vampire mosquito's attack.
The vampire mosquito bites you.
You die...

+......#...>.#
#......#.....+
####'###.....#
#.....##...###
#..:..##...######
#.....#^.........
#.....'..........
##....##.........
###+###.@y......
#......yy.......
#...............
#...............
#....###'#####.#
#....##...### #
#....##.Y...#
#+#####+##.....#
...............#


You could see a yak and 3 vampire mosquitoes.

Vanquished Creatures
  A two-headed ogre (D:9)
  4 centaur zombies
  A wraith (D:10)
  A shadow (D:7)
  12 yaks
  A steam dragon (D:8)
  An acid dragon (D:9)
  2 sky beasts
  A black bear (D:5)
  3 orc warriors
  A necrophage (D:7)
  3 wolves (D:11)
  2 ogres
  8 centaurs
  A kobold brigand (D:10)
  A bullfrog (D:6)
  A gnoll sergeant (D:2)
  A water moccasin zombie (D:5)
  A scorpion (D:7)
  3 water moccasin skeletons
  5 wights (D:8)
  3 killer bees (D:8)
  2 howler monkeys (D:8)
  A jelly (D:6)
  A bullfrog zombie (D:6)
  A gnoll shaman (D:8)
  3 hounds
  2 centaur skeletons
  2 orc priests
  A bullfrog skeleton (D:5)
  3 iguanas
  5 orc wizards
  A howler monkey zombie (D:5)
  10 gnolls
  2 adders
  2 white imps
  An ufetubus (D:6)
  4 dart slugs
  A worm (D:4)
  24 orcs
  5 ball pythons
  6 endoplasms
  3 giant cockroaches
  4 goblins
  6 hobgoblins
  2 jackals (D:4)
  4 quokkas
  4 bats
  2 frilled lizards
  12 kobolds
  3 rats
174 creatures vanquished.

Notes
Turn   | Place    | Note
-------+----------+-------------------------------------------
     0 | D:1      | dianekeaton the Minotaur Berserker began the quest for the
                  | Orb.
     0 | D:1      | Reached XP level 1. HP: 19/19 MP: 0/0
   303 | D:1      | Reached skill level 4 in Maces & Flails
   330 | D:1      | Reached XP level 2. HP: 26/26 MP: 1/1
   715 | D:1      | Found a faded altar of an unknown god.
   843 | D:1      | Reached skill level 5 in Maces & Flails
   922 | D:1      | Reached XP level 3. HP: 31/31 MP: 2/2
  1157 | D:2      | Reached skill level 6 in Maces & Flails
  1157 | D:2      | Reached XP level 4. HP: 19/39 MP: 3/3
  1360 | D:2      | Found a glowing golden altar of the Shining One.
  1369 | D:2      | Reached ** piety under Trog
  1675 | D:2      | Identified the +1 mace "Juecwyuf" {spect, rF+ rC+ MP-9
                  | Str+3}
  1788 | D:2      | Noticed a gnoll sergeant
  1789 | D:2      | Found the +8 woodcutter's axe {vorpal}
  1798 | D:2      | Killed a gnoll sergeant
  1799 | D:2      | Reached skill level 7 in Maces & Flails
  1799 | D:2      | Reached XP level 5. HP: 25/45 MP: 1/4
  2738 | D:4      | Found an iron altar of Okawaru.
  2762 | D:4      | Found a sacrificial altar of Ru.
  2909 | D:4      | Noticed an ogre
  2918 | D:4      | Killed an ogre
  2919 | D:4      | Reached skill level 8 in Maces & Flails
  2919 | D:4      | Reached XP level 6. HP: 43/51 MP: 0/5
  3227 | D:4      | Noticed a sky beast
  3239 | D:5      | Entered Level 5 of the Dungeon
  3246 | D:4      | Killed a sky beast
  3247 | D:4      | Reached skill level 9 in Maces & Flails
  3402 | D:4      | Reached XP level 7. HP: 55/57 MP: 0/6
  3458 | D:4      | Found a staircase to the Ecumenical Temple.
  3684 | D:5      | Reached skill level 10 in Maces & Flails
  3929 | D:5      | Reached skill level 11 in Maces & Flails
  4248 | D:6      | Reached skill level 1 in Stealth
  4306 | D:6      | Reached XP level 8. HP: 53/64 MP: 0/7
  4316 | D:6      | Reached *** piety under Trog
  4319 | D:6      | Reached skill level 12 in Maces & Flails
  5110 | D:7      | Noticed a cyclops
  5370 | D:7      | Found a runed translucent door.
  5401 | D:7      | Reached skill level 13 in Maces & Flails
  5422 | D:7      | Noticed a two-headed ogre
  5745 | D:7      | Reached skill level 14 in Maces & Flails
  5760 | D:8      | Reached XP level 9. HP: 18/70 MP: 0/8
  5939 | D:8      | Reached skill level 15 in Maces & Flails
  6091 | D:8      | Found a large runed translucent door.
  6097 | D:8      | Found a large runed translucent door.
  6657 | D:8      | Reached skill level 16 in Maces & Flails
  7081 | D:8      | Found an ornate altar of the Wu Jian Council.
  7100 | D:8      | Found a staircase to the Lair.
  7238 | D:8      | Found a sparkling altar of Nemelex Xobeh.
  7245 | D:8      | Found a stormy altar of Qazlal.
  7420 | Lair:1   | Entered Level 1 of the Lair of Beasts
  7434 | Lair:1   | Noticed Urug
  7576 | D:9      | Found an ancient bone altar of Kikubaaqudgha.
  7886 | D:9      | Reached XP level 10. HP: 46/77 MP: 0/9
  7888 | D:9      | Noticed a two-headed ogre
  7906 | D:9      | Killed a two-headed ogre
  7907 | D:9      | Reached skill level 17 in Maces & Flails
  7907 | D:9      | Reached skill level 1 in Shields
  8167 | D:9      | Found a bloodstained altar of Trog.
  8188 | D:9      | Found a hide-covered altar of Uskayaw.
  8263 | D:10     | Entered Level 10 of the Dungeon
  8799 | D:10     | Reached **** piety under Trog
  8918 | D:10     | Reached skill level 5 in Armour
  9465 | D:10     | Found a burning altar of Makhleb.
  9465 | D:10     | Found a hazy altar of Hepliaklqana.
  9769 | D:11     | Noticed Grum
  9783 | D:11     | HP: 1/77 [Grum/-2 spear (13)]
 10231 | D:11     | Reached skill level 18 in Maces & Flails
 10339 | D:11     | Slain by a vampire mosquito

Illustrated notes

Levels and vault maps discovered:
D:1:      amcnicky_arrival_abandoned_market, layout_basic,
          shapermc_ecumenical_altar_mp_urbaneastern, minmay_misc_feat_room
D:2:      layout_rooms, basic_altar, pf_guarded_unrand_woodcutter
D:3:      layout_basic, grunt_ministairs_15
D:4:      layout_layer_cave, nicolae_overflow_crystal_walls,
          overflow_temple_1_default, minmay_temple_entry_fiery,
          minmay_surrounded
D:5:      layout_rooms
D:6:      layout_basic
D:7:      minmay_the_grid_triangle_9x9_rhombus_full
          [minmay_the_grid_triangle_9x9_corrupted_corridor,
          minmay_the_grid_triangle_9x9_pentomino_pain,
          minmay_the_grid_triangle_9x9_subtriangle,
          minmay_the_grid_triangle_9x9_windchime,
          minmay_the_grid_triangle_9x9_sprig,
          minmay_the_grid_triangle_9x9_impossible_snake,
          minmay_the_grid_triangle_9x9_limited_checkers,
          minmay_the_grid_triangle_9x9_prize_top_heavy], layout_basic
D:8:      layout_rooms, pdpol_wu_jian_five_deadly_venoms, jmf_multi_god_temple2,
          hangedman_decor_clover_reticule, corexii_corridor_pit
D:9:      layout_roguey, mainiacjoe_overflow_boulevard,
          trog_three_pillars_becter, mainiacjoe_overflow_concentric_impassable
D:10:     layout_basic, amethyst_overflow_temple_binary, chequers_jeans
D:11:     layout_gridville, orc_0_dummy, uniq_grum
Lair:1:   wander_river, layout_loops_ring, enter_volcano_4,
          serial_bayou_shore_a, uniq_urug

Skill      XL: |  1  2  3  4  5  6  7  8  9 10 |
---------------+-------------------------------+-----
Maces & Flails | 4 5 6 7 8 9 11 14 16 18 | 18.0
Stealth        | 1 |  1.2
Armour         | 6 |  6.4
Shields        | 4 |  4.7
Fighting       | |  3.6
Dodging        | |  2.6

Action                   |  1- 3 |  4- 6 |  7- 9 | 10-12 || total
-------------------------+-------+-------+-------+-------++-------
Melee: Mace              |    50 |    50 |   167 |   107 ||   374
       Headbutt          |     3 |     8 |    31 |    21 ||    63
       Flail             |       |    19 |       |       ||    19
       Punch             |       |       |     2 |       ||     2
Invok: Berserk           |     1 |     1 |     1 |     1 ||     4
       Trog's Hand       |       |       |       |     1 ||     1
  Use: Scroll            |       |     1 |    12 |     5 ||    18
 Stab: Distracted        |       |     1 |     4 |     1 ||     6
Armor: Chain mail        |    19 |    39 |    57 |    61 ||   176
Dodge: Dodged            |    24 |    37 |    63 |    46 ||   170
Block: Kite shield       |       |       |       |    37 ||    37
       Buckler           |       |       |       |     9 ||     9
